AoeStats
← waLLefps.

Arena

507815774Analyzed
4v4 RM · 12d ago on Sep 19, 2026· 47m 42s· 8 players
Game mode
Random Map
Map size
Large (8 player)
Population
200
Speed
Normal
Resources
Standard
Victory
Conquest
Starting age
Dark Age
Ending age
Imperial Age
RankedLock teamsTeams togetherTeam positionsShared explorationLock speedFull tech treeHidden civsTurbo modeCheats
Victory
Defeat
🇹🇷 Romans · Türkiye
1473
+10
🇹🇷 Malay · Türkiye
1471
+10
🇹🇷 Vikings · Türkiye
1380
+13
🇹🇷 Khmer · Türkiye
1283
+16
🇨🇭 Teutons · Switzerland
1402
-16
🇨🇭 Gurjaras · Switzerland
1310
-12
🇮🇳 Saracens · India
1287
-11
🇨🇭 Persians · Switzerland
1270
-10
[H A R D] postrusher
10:37 Feudal Age
14:52 Castle Age
12:49 Horse Collar
15:38 Double-Bit Axe
15:56 Heavy Plow
20:54 Wheelbarrow
21:12 Town Watch
21:56 Loom
23:12 Hand Cart
23:41 Gold Mining
25:45 Squires
28:58 Imperial Age
28:42 Scale Mail Armor
28:53 Forging
30:13 Chain Mail Armor
30:59 Iron Casting
30:23 Fletching
31:05 Bow Saw
30:41 Onager
32:45 Plate Mail Armor
32:49 Crenellations
32:49 Conscription
34:40 Chemistry
34:01 Ballistics
34:24 Bodkin Arrow
34:27 Stone Mining
34:35 Elite Teutonic Knight
36:03 Siege Onager
37:30 Gambesons
37:31 Arson
38:32 Stone Shaft Mining
39:52 Hoardings
39:38 Ironclad
42:32 Two-Man Saw
42:05 Crop Rotation
45:45 Siege Engineers
45:50 Masonry
47:41 Blast Furnace
46:42 Padded Archer Armor
46:39 Pikeman
[H A R D]ley Quinn
10:17 Feudal Age
14:17 Castle Age
12:35 Double-Bit Axe
13:00 Horse Collar
14:39 Loom
20:56 Town Watch
23:59 Wheelbarrow
23:55 Scale Barding Armor
24:27 Forging
26:01 Chain Barding Armor
26:57 Bloodlines
26:48 Husbandry
28:11 Hand Cart
30:56 Imperial Age
30:11 Iron Casting
30:38 Cavalier
32:09 Savar
34:39 Blast Furnace
33:41 Light Cavalry
36:13 Plate Barding Armor
38:22 Chemistry
37:29 Gold Mining
37:30 Stone Mining
38:15 Padded Archer Armor
38:07 Fletching
38:54 Kamandaran
38:45 Crossbowman
39:31 Thumb Ring
try [H A R D]
10:05 Feudal Age
14:16 Castle Age
13:17 Double-Bit Axe
14:09 Loom
14:28 Horse Collar
17:39 Wheelbarrow
21:02 Scale Mail Armor
22:43 Bow Saw
25:28 Chain Mail Armor
27:17 Gold Mining
27:39 Heavy Plow
28:24 Forging
30:51 Stone Mining
32:08 Arson
35:32 Imperial Age
38:14 Hand Cart
42:22 Hand Cart
41:50 Elite Skirmisher
42:50 Fletching
43:00 Padded Archer Armor
47:01 Bodkin Arrow
47:26 Town Watch
Snow100
11:29 Feudal Age
10:39 Loom
16:13 Castle Age
13:59 Horse Collar
14:22 Double-Bit Axe
17:25 Heavy Plow
18:04 Bow Saw
19:16 Wheelbarrow
24:41 Hand Cart
29:46 Imperial Age
28:44 Scale Barding Armor
28:50 Forging
28:53 Gold Mining
28:58 Stone Mining
30:41 Chain Barding Armor
30:57 Iron Casting
30:28 Elite Mameluke
31:30 Conscription
34:23 Conscription
34:59 Bloodlines
34:50 Husbandry
36:30 Plate Barding Armor
36:55 Blast Furnace
35:52 Light Cavalry
37:38 Two-Man Saw
36:52 Hussar
waLLefps.
9:39 Feudal Age
9:17 Double-Bit Axe
9:47 Horse Collar
17:20 Castle Age
17:15 Bow Saw
17:07 Heavy Plow
22:30 Wheelbarrow
22:53 Forging
24:50 Iron Casting
24:35 Fletching
27:03 Loom
27:33 Hand Cart
27:24 Gold Mining
28:26 Stone Mining
29:50 Gold Shaft Mining
32:39 Imperial Age
31:03 Stone Shaft Mining
30:40 Squires
30:25 Arson
30:01 Pikeman
30:46 Town Watch
32:28 Conscription
31:47 Halberdier
32:35 Elite Karambit Warrior
33:07 Capped Ram
37:45 Coinage
39:45 Ballistics
40:25 Chemistry
39:31 Siege Engineers
klostrofobikköstebek
10:11 Feudal Age
12:17 Double-Bit Axe
14:36 Castle Age
12:38 Horse Collar
15:50 Heavy Plow
16:04 Bow Saw
16:38 Wheelbarrow
16:54 Loom
21:13 Hand Cart
27:14 Imperial Age
25:44 Ballistics
26:49 Ballistas
26:21 Pikeman
27:02 Squires
27:14 Forging
27:10 Gold Mining
27:11 Stone Mining
27:22 Heavy Scorpion
29:18 Chemistry
29:30 Scale Mail Armor
30:06 Iron Casting
30:09 Crop Rotation
31:04 Chain Mail Armor
31:27 Siege Engineers
31:12 Halberdier
33:30 Gold Shaft Mining
34:14 Blast Furnace
33:21 Capped Ram
35:28 Siege Ram
38:16 Murder Holes
38:32 Fortified Wall
43:17 Guard Tower
43:38 Clinker Construction
43:39 Careening
Tameryig1t
6:30 Loom
8:53 Feudal Age
16:49 Castle Age
14:59 Double-Bit Axe
15:22 Horse Collar
16:45 Gold Mining
17:30 Scale Mail Armor
17:40 Forging
17:37 Stone Mining
19:21 Bow Saw
19:27 Heavy Plow
21:04 Forging
21:09 Chain Mail Armor
22:48 Iron Casting
32:23 Imperial Age
30:13 Crossbowman
30:44 Fletching
30:55 Padded Archer Armor
31:54 Bodkin Arrow
33:21 Ballistics
33:54 Gold Shaft Mining
32:52 Arbalester
33:54 Bracer
34:49 Leather Archer Armor
34:57 Conscription
35:54 Chemistry
37:53 Crop Rotation
38:25 Two-Man Saw
38:24 Ring Archer Armor
39:34 Coinage
40:40 Bogsveigar
47:32 Banking
Fırtına
11:03 Feudal Age
11:31 Double-Bit Axe
12:38 Horse Collar
17:29 Castle Age
16:28 Gold Mining
18:36 Stone Mining
19:07 Bow Saw
19:46 Heavy Plow
23:08 Wheelbarrow
28:13 Imperial Age
25:31 Loom
26:31 Ballistics
27:20 Fletching
28:13 Bodkin Arrow
28:38 Padded Archer Armor
29:25 Double Crossbow
31:55 Chemistry
34:01 Hand Cart
33:49 Bracer
34:01 Forging
33:56 Scale Barding Armor
34:53 Bloodlines
34:04 Light Cavalry
35:07 Leather Archer Armor
34:39 Elite Ballista Elephant
35:50 Husbandry
35:56 Hussar
37:08 Conscription
37:51 Coinage
39:37 Chain Barding Armor
43:14 Plate Barding Armor
Connection lost

Rejoining the realm…

Still unreachable

The connection could not be restored.

Session expired

The server has moved on; the page needs a fresh start.